 Dungeon Crawl Stone Soup version 0.31-a0-441-g867994ef1c (webtiles) character file.

Game seed: 99073424849031255

488 jasper the Shooter (level 7, -2/46 HPs)
             Began as an Octopode Hunter on Aug 2, 2023.
             Killed by nerve-wracking pain
             ... invoked by a shadow imp
              (9 damage)
             ... on level 5 of the Dungeon.
             The game lasted 00:05:49 (3751 turns).

jasper the Shooter (Octopode Hunter)                Turns: 3751, Time: 00:05:50

Health: -2/46      AC:  1    Str: 11    XL:     7   Next: 13%
Magic:  7/7        EV: 14    Int: 11    God:
Gold:   38         SH:  0    Dex: 17    Spells: 6/6 levels left

rFire   . . .        a - +1 shortbow
rCold   . . .        (shield currently unavailable)
rNeg    . . .        (helmet restricted)
rPois   .            (no amulet)
rElec   .            (no ring)
rCorr   .            (no ring)
SInv    .            (no ring)
Will    .....        (no ring)
Stlth   +++++        (no ring)
HPRegen 0.27/turn    (no ring)
MPRegen 0.10/turn    (no ring)
                     (no ring)

%: no passive effects
@: no status effects
A: almost no armour, amphibious, 8 rings, camouflage 1, gelatinous body 1,
nimble swimmer 1, tentacles
a: no special abilities


You were on level 5 of the Dungeon.
You visited 1 branch of the dungeon, and saw 5 of its levels.

You collected 80 gold pieces.
You spent 42 gold pieces at shops.

Inventory:

Hand Weapons
 a - a +1 shortbow (weapon)
Missiles
 g - 2 poisoned darts
Scrolls
 b - a scroll of butterflies
 c - a scroll of enchant armour
 f - 3 scrolls of revelation
 h - 2 scrolls of teleportation
Potions
 d - a potion of degeneration
 e - 2 potions of might
 i - a potion of resistance
 j - a potion of mutation {unknown}
 k - 2 potions of enlightenment
 l - a potion of curing
 m - a potion of heal wounds {unknown}


   Skills:
 + Level 3.2 Fighting
 * Level 6.5 Ranged Weapons
 + Level 3.2 Dodging
 - Level 5.0 Stealth


You had 6 spell levels left.
You didn't know any spells.
Your spell library contained the following spells:

 Spells                   Type           Power      Damage    Failure   Level
 Lesser Beckoning         Tloc           0%         N/A       47%         2
 Gell's Gravitas          Tloc           0%         N/A       71%         3
 Teleport Other           Tloc           0%         N/A       71%         3


Dungeon Overview and Level Annotations

Branches:
Dungeon (5/15)
 Temple: D:4-7

Altars:
Ru

Shops:
D:5 *[?=

Annotations:
D:3 Grinder
D:4 Eustachio
D:5 Edmund


Innate Abilities, Weirdness & Mutations

You cannot wear most types of armour.
You are amphibious.
You can wear up to eight rings at the same time.
Your skin changes colour to match your surroundings (Stealth+).
Your rubbery body absorbs attacks. (AC +1, EV +1)
You are camouflaged when in or above water. (Stealth+)
You have tentacles for arms and can constrict up to eight enemies at once.


Message History

Fire: a) +1 shortbow
Press: ? - help, Q - select action, (/) - cycle Shift-Dir - straight line, f/p - white imp
Aim: a white imp (water, moderately wounded, 65% to hit)
You shoot an arrow. The arrow hits the white imp.
The white imp is heavily wounded.
The white imp misses you.
You take 10 damage, and have 13/46 hp.
MASSIVE DAMAGE!!
Fire: a) +1 shortbow
Press: ? - help, Q - select action, (/) - cycle Shift-Dir - straight line, f/p - white imp
Aim: a white imp (water, heavily wounded, 65% to hit)
You shoot an arrow. The arrow hits the white imp.
The white imp is almost dead.
The white imp hits you.
* * * LOW HITPOINT WARNING * * *
The white imp freezes you.
* * * LOW HITPOINT WARNING * * *
You take 7 damage, and have 6/46 hp.
Fire: a) +1 shortbow
Press: ? - help, Q - select action, (/) - cycle Shift-Dir - straight line, f/p - white imp
Aim: a white imp (water, almost dead, 65% to hit)
You shoot an arrow. The arrow hits the white imp.
You kill the white imp!
Fire: a) +1 shortbow
Press: ? - help, Q - select action, (/) - cycle Shift-Dir - straight line, f - shadow imp
Aim: a shadow imp (62% to hit)
You shoot an arrow.
The arrow closely misses the shadow imp.
Fire: a) +1 shortbow
Press: ? - help, Q - select action, (/) - cycle Shift-Dir - straight line, f/p - shadow imp
Aim: a shadow imp (62% to hit)
You shoot an arrow.
The arrow hits the shadow imp but does no damage.
Fire: a) +1 shortbow
Press: ? - help, Q - select action, (/) - cycle Shift-Dir - straight line, f/p - shadow imp
Aim: a shadow imp (62% to hit)
You shoot an arrow. The arrow hits the shadow imp.
The shadow imp is lightly wounded.
The shadow imp gestures at you. Pain shoots through your body!
You die...

..∩....## #..#
.#.#....# .# #...#..∩##
.# ...[..#..##..###
.#######..#....# # ##
##...# .# #
##....♣♣♣♣♣♣♣♣♣.#
###(.#.♣.........♣
#..∩.#.♣.≈≈≈@≈≈≈.♣ #
##.####.♣≈..≈≈≈).≈♣
####...# .♣≈.≈.5)≈.≈♣
...#...# #♣≈.≈._.≈.≈♣
.......# ♣≈.≈...≈.≈♣
..##...# ♣≈..≈≈≈..≈♣
####...# ♣.≈≈≈≈≈≈≈.♣
÷###...####♣.........♣#
##..........♣♣♣♣♣♣♣♣♣.#


You could see a shadow imp.

Vanquished Creatures
  An ice beast (D:5)
  An ogre (D:5)
  A scorpion (D:3)
  A hound (D:5)
  An iguana (D:5)
  5 gnolls
  3 adders
  A river rat (D:3)
  3 white imps
  An ufetubus (D:5)
  2 worms (D:3)
  2 dart slugs (D:2)
  3 orcs
  4 bats
  8 endoplasms
  3 giant cockroaches
  3 goblins
  7 hobgoblins
  6 jackals
  3 kobolds
  2 quokkas
  10 ball pythons
  6 frilled lizards
  10 rats
87 creatures vanquished.

Notes
Turn   | Place    | Note
-------+----------+-------------------------------------------
     0 | D:1      | jasper the Octopode Hunter began the quest for the Orb.
     0 | D:1      | Reached XP level 1. HP: 14/14 MP: 1/1
    82 | D:1      | Found a faded altar of an unknown god.
   232 | D:1      | Reached XP level 2. HP: 19/19 MP: 2/2
   779 | D:2      | Reached XP level 3. HP: 21/24 MP: 3/3
   865 | D:2      | You fall into a shaft and drop 2 floors!
  1065 | D:3      | Noticed a scorpion
  1074 | D:3      | Killed a scorpion
  1075 | D:3      | Reached skill level 5 in Ranged Weapons
  1075 | D:3      | Reached XP level 4. HP: 20/29 MP: 4/4
  1345 | D:3      | Reached XP level 5. HP: 16/34 MP: 5/5
  1797 | D:3      | Noticed Grinder
  1798 | D:3      | Paralysed by Grinder for 3 turns
  2217 | D:2      | Reached skill level 5 in Stealth
  2919 | D:3      | Paralysed by Grinder for 4 turns
  3033 | D:4      | Noticed Eustachio
  3135 | D:5      | Entered Level 5 of the Dungeon
  3155 | D:5      | Found Rosyoth's Antique Armour Emporium.
  3157 | D:5      | Noticed Edmund
  3161 | D:5      | Noticed a black bear
  3371 | D:5      | Reached XP level 6. HP: 19/41 MP: 6/6
  3475 | D:5      | Found Zakuxkuw's General Store.
  3485 | D:5      | Bought a scroll of teleportation for 42 gold pieces
  3495 | D:5      | Found Qesala's Magic Scroll Boutique.
  3512 | D:5      | Found Utusk's Jewellery Shop.
  3512 | D:5      | Found a sacrificial altar of Ru.
  3512 | D:5      | Noticed an ice beast
  3531 | D:5      | Killed an ice beast
  3532 | D:5      | Reached skill level 6 in Ranged Weapons
  3671 | D:5      | Reached XP level 7. HP: 46/46 MP: 7/7
  3751 | D:5      | Killed from afar by a shadow imp

Illustrated notes

Levels and vault maps discovered:
D:1:      giann_forest_graveyard, layout_basic, shapermc_ecumenical_altar_gd,
          serial_bayou_pond_b, interstate_on_off, grunt_decor_resistance,
          serial_bayou_ford_a
D:2:      layout_basic
D:3:      mumra_celtic_spiral_tile, layout_basic, portal_sewer_entry_b,
          minmay_surrounded, uniq_grinder
D:4:      layout_rooms, serial_demonic, serial_demonic_b, serial_demonic_a,
          serial_demonic_d, serial_demonic_f, serial_demonic_f, minmay_cut_off,
          uniq_eustachio
D:5:      layout_rooms, mainiacjoe_overflow_six_doors_small,
          mainiacjoe_overflow_paths, serial_shops, shop,
          nicolae_shop_advertising_works [nicolae_subvault_shop_adworks], shop,
          nicolae_shop_gibbet_a_chance, shop, uniq_edmund

Skill      XL: |  1  2  3  4  5  6 |
---------------+-------------------+-----
Stealth        | 2 3 4 5 |  5.0
Ranged Weapons | 5 6 |  6.5
Fighting       | 3 |  3.2
Dodging        | 3 |  3.2

Action                     |  1- 3 |  4- 6 |  7- 9 || total
---------------------------+-------+-------+-------++-------
   Fire: Shortbow          |    67 |   212 |    27 ||   306
    Use: Scroll            |     5 |     8 |       ||    13
         Potion            |       |     2 |       ||     2
 Armour: Skin              |     1 |     5 |       ||     6
  Dodge: Dodged            |    23 |    61 |    10 ||    94

Table legend: (Time is in decaauts)
 A = Elapsed time spent in this place.
 B = Non-inter-level travel time spent in this place.
 C = Inter-level travel time spent in this place.
 D = Time resting spent in this place.
 E = Time spent auto-exploring this place.
 F = Levels seen in this place.
 G = Mean time per level.
                   A        B        C        D        E       F      G
               +--------+--------+--------+--------+--------+-----+--------+
         Total |   3794 |   3599 |    195 |    314 |   2661 |   5 |  758.8 |
       Dungeon |   3794 |   3599 |    195 |    314 |   2661 |   5 |  758.8 |
               +--------+--------+--------+--------+--------+-----+--------+

Top non-repeatable levels by time:
     D:3: 1209 daAuts
     D:2: 1002 daAuts
     D:1: 773 daAuts
     D:5: 420 daAuts
     D:4: 388 daAuts
